 Dungeon Crawl Stone Soup version 0.23.0 (webtiles) character file.

Game seed: 2106208229682235626

2975 tidbits the Magician (level 9, -11/71 HPs)
             Began as a Gnoll Skald on Feb 11, 2019.
             Was a Follower of Cheibriados.
             Mangled by a killer bee (13 damage)
             ... on level 8 of the Dungeon.
             The game lasted 00:19:24 (1656 turns).

tidbits the Magician (Gnoll Skald)                  Turns: 1656, Time: 00:19:25

Health: -11/71     AC:  6    Str: 16    XL:     9   Next: 82%
Magic:  4/19       EV: 15    Int: 22    God:    Cheibriados [*.....]
Gold:   260        SH:  0    Dex: 18    Spells: 2/21 levels left

rFire    + + .     SeeInvis .   x - +1 whip of the Dove {flame, rPois rF++}
rCold    + . .     Gourm    .   (no shield)
rNeg     . . .     Faith    .   B - +0 ring mail
rPois    +         Spirit   .   (no helmet)
rElec    .         Reflect  .   (no cloak)
rCorr    .         Harm     .   (no gloves)
MR       .....                  (no boots)
Stlth    ++........             (no amulet)
HPRegen  0.21/turn              f - ring of protection from cold (curse)
MPRegen  0.16/turn              (no ring)

@: about to teleport, very slow
A: distributed training, fangs 1, strong nose
a: Bend Time, Renounce Religion


You were on level 8 of the Dungeon.
You worshipped Cheibriados.
Cheibriados was aware of your devotion.
You were full.

You visited 2 branches of the dungeon, and saw 9 of its levels.

You collected 260 gold pieces.

Inventory:

Hand Weapons
 a - a +0 halberd
 i - a +0 dagger
 q - a +0 war axe
 s - a +2 great sword
 v - a +0 shortbow
 x - the +1 whip of the Dove (weapon) {flame, rPois rF++}
   (You found it on level 5 of the Dungeon)

   It has been specially enchanted to burn those struck by it, causing extra
   injury to most foes and up to half again as much damage against particularly
   susceptible opponents.
   It greatly protects you from fire.
   It protects you from poison.
 y - a +0 spear
 E - a +0 blowgun
Missiles
 g - 93 sling bullets
 m - 24 stones
 p - 7 tomahawks
 w - 26 arrows
 F - 3 steel javelins (quivered)
Armour
 b - a +0 leather armour
 o - a +0 shield
 B - a +0 ring mail (worn)
 G - a cursed -2 leather armour
 H - a +1 robe of magic resistance
   (You took it off a wight on level 8 of the Dungeon)
Jewellery
 f - a cursed ring of protection from cold (left hand)
   (You found it on level 4 of the Dungeon)
Scrolls
 c - 2 scrolls of enchant armour
 h - a scroll of amnesia {unknown}
 k - 2 scrolls of remove curse {unknown}
 n - 2 scrolls of enchant weapon {unknown}
 r - a scroll of fear
 t - 2 scrolls of teleportation
 u - 2 scrolls of magic mapping
 D - a scroll of blinking {unknown}
Potions
 e - a potion of ambrosia {unknown}
 l - a potion of magic {unknown}
 z - a potion of lignification {unknown}
 C - a potion of brilliance {unknown}
Comestibles
 d - 6 rations


   Skills:
 + Level 6.5 Fighting
 + Level 4.5 Short Blades
 + Level 4.5 Long Blades
 + Level 4.5 Axes
 + Level 4.5 Maces & Flails
 + Level 6.5 Polearms
 + Level 4.5 Staves
 + Level 4.5 Slings
 + Level 4.5 Bows
 + Level 4.5 Crossbows
 + Level 4.5 Throwing
 + Level 5.3 Armour
 + Level 6.5 Dodging
 + Level 4.5 Stealth
 + Level 4.5 Shields
 + Level 4.5 Unarmed Combat
 + Level 6.8 Spellcasting
 + Level 3.7 Conjurations
 + Level 3.7 Hexes
 + Level 6.7 Charms
 + Level 3.7 Summonings
 + Level 3.7 Necromancy
 + Level 3.7 Translocations
 + Level 3.7 Transmutations
 + Level 3.7 Fire Magic
 + Level 3.7 Ice Magic
 + Level 3.7 Air Magic
 + Level 3.7 Earth Magic
 + Level 3.7 Poison Magic
 + Level 5.0 Invocations
 + Level 4.5 Evocations


You had 2 spell levels left.
You knew the following spells:

 Your Spells              Type           Power        Failure   Level  Hunger
c - Conjure Flame         Conj/Fire      ###.....     10%         3    None
g - Shroud of Golubria    Chrm/Tloc      ####......   2%          2    None
i - Infusion              Chrm           ####         1%          1    None
k - Sticks to Snakes      Tmut           ###.....     4%          2    None
m - Mephitic Cloud        Conj/Pois/Air  ###.....     10%         3    None
r - Regeneration          Chrm/Necr      ####......   5%          3    None
w - Spectral Weapon       Hex/Chrm       ####....     5%          3    None
y - Song of Slaying       Chrm           #####...     1%          2    None

Your spell library contained the following spells:

 Spells                   Type           Power        Failure   Level  Hunger
 Beastly Appendage        Tmut           ###...       3%          1    None
 Poisonous Vapours        Pois/Air       ###...       4%          2    None
 Spider Form              Tmut/Pois      ###.......   10%         3    None
 Ice Form                 Ice/Tmut       ###.....     32%         4    ###....
 Blade Hands              Tmut           ###.......   65%         5    #####..
 Freezing Cloud           Conj/Ice/Air   ###.......   99%         6    ######.
 Ring of Flames           Chrm/Fire      ####......   100%        7    #######


Dungeon Overview and Level Annotations

Branches:
Dungeon (8/15)             Temple (1/1) D:7
   Lair: D:8-11

Altars:
Ashenzari
Cheibriados
Dithmenos
Fedhas
Gozag
Hepliaklqana
Kikubaaqudgha
Nemelex Xobeh
Okawaru
Ru
Sif Muna
Uskayaw
Vehumet
Wu Jian
Yredelemnul
Zin
Lugonu

Annotations:
D:5 3 runed translucent doors, exclusion: player ghost, zkyp's ghost, novice MfWn


Innate Abilities, Weirdness & Mutations

Your experience applies equally to all skills.
You have very sharp teeth.
Your uncanny sense of smell can sniff out nearby items.


Message History

The scorpion is engulfed in noxious fumes.
The scorpion appears confused.
The killer bee is engulfed in noxious fumes.
The killer bee appears confused.
The killer bee misses you.
The scorpion is engulfed in noxious fumes.
The scorpion appears confused.
The scorpion closely misses you.
The killer bee is engulfed in noxious fumes.
The killer bee appears confused.
The killer bee closely misses you.
You see here a killer bee corpse.
Unknown command.
Unknown command.
You catch the helpless killer bee completely off-guard!
You whack the killer bee! You burn the killer bee.
You kill the killer bee!
Cheibriados thoroughly appreciates the change of pace.
Cheibriados raises the support of your attributes as your movement slows.
You feel sick.
The scorpion is engulfed in noxious fumes.
The scorpion appears confused.
The killer bee barely misses you. The killer bee stings you.
* * * LOW HITPOINT WARNING * * *
The scorpion completely misses you.
The killer bee stings you but does no damage.
Things that are here:
a +0 battleaxe; a +0 robe; a killer bee corpse Unknown command.
Unknown command.
You barely miss the killer bee.
The hound barks!
Your bite misses the killer bee.
You feel sick.
You hear an angry buzzing noise.
The killer bee stings you but does no damage.
The scorpion closely misses you. The killer bee stings you.
* * * LOW HITPOINT WARNING * * *
Unknown command.
You feel sick.
The scorpion completely misses the hound.
The hound barely misses you. The killer bee barely misses you.
You see here a killer bee corpse.
Unknown command.
The killer bee barely misses you.
The scorpion stings the hound.
The killer bee misses you.
You hit the killer bee. You burn the killer bee.
Your bite misses the killer bee.
The killer bee is heavily wounded.
You feel sick. The killer bee barely misses you. The killer bee stings you.
* * * LOW HITPOINT WARNING * * *
You are more poisoned.
The killer bee poisons you!
You feel better. The killer bee closely misses you. The killer bee stings you.
* * * LOW HITPOINT WARNING * * *
You miss the killer bee.
You bite the killer bee, but do no damage.
The killer bee is heavily wounded.
The killer bee stings you.
* * * LOW HITPOINT WARNING * * *
The killer bee stings you.
* * * LOW HITPOINT WARNING * * *
You feel much better.
The killer bee stings you but does no damage.
The hound stops to sniff the ground.
The killer bee stings you.
* * * LOW HITPOINT WARNING * * *
Unknown command.
You hit the killer bee. You burn the killer bee.
The killer bee is severely wounded.
The killer bee stings you.
* * * LOW HITPOINT WARNING * * *
The scorpion seems to be having trouble coordinating all eight of its legs.
Unknown command.
You closely miss the killer bee.
The killer bee is severely wounded.
The killer bee barely misses you. The killer bee completely misses you.
A queen bee comes into view.
Unknown command.
You aren't carrying any items that you can evoke without wielding.
Unknown command.
As you read the scroll of teleportation, it crumbles to dust.
You feel strangely unstable.
The killer bee stings you but does no damage.
The killer bee barely misses you.
The queen bee calls on the killer bee to defend it!
The killer bee goes berserk!
Unknown command.
You miss the killer bee.
The killer bee is severely wounded.
The killer bee barely misses you. The killer bee stings you.
* * * LOW HITPOINT WARNING * * *
Unknown command.
The killer bee barely misses you.
A killer bee comes into view.
The killer bee stings you.
* * * LOW HITPOINT WARNING * * *
The killer bee stings you!
* * * LOW HITPOINT WARNING * * *
The killer bee stings you!
* * * LOW HITPOINT WARNING * * *
Unknown command.
The killer bee stings you!
You die...

... #y #.......<.....#
..y.. #############.#
#.#. .....# .. s..
########.....#
#...##.##......#.....#
#......)......#.....#
∆
#.###...†.....#.....#
#####(#####.....#.
###....yh.y@.......
#....##y)####..%..##
..#.....[†........#
#.####†########...
#).## ## ######...#
##......#.## ..
##.......#... .#
#.........##.).


You could see a queen bee, a hound and 2 killer bees.

Vanquished Creatures
  2 two-headed ogres
  A hippogriff (D:8)
  A necrophage (D:8)
  A centaur (D:5)
  A big kobold (D:8)
  2 bullfrogs
  A wyvern skeleton (D:5)
  A scorpion (D:4)
  6 killer bees (D:8)
  5 wights (D:8)
  A howler monkey (D:5)
  4 crimson imps
  3 orc priests (D:4)
  A hound (D:8)
  2 orc wizards (D:4)
  3 worker ants
  A worker ant zombie (D:5)
  7 gnolls
  8 adders
  A shadow imp (D:8)
  An adder zombie (D:7)
  An adder skeleton (D:7)
  2 worms
  A leopard gecko (D:5)
  6 orcs
  4 giant cockroaches
  2 goblins (D:3)
  A hobgoblin (D:2)
  2 jackals (D:8)
  7 kobolds
  A quokka (D:7)
  2 ball pythons
  5 bats
  2 frilled lizards
  2 leopard gecko skeletons (D:5)
  4 rats
95 creatures vanquished.

Vanquished Creatures (collateral kills)
  A killer bee (D:8)
1 creature vanquished.

Vanquished Creatures (others)
  A spectral weapon (D:8)
1 creature vanquished.

Grand Total: 97 creatures vanquished

Notes
Turn   | Place    | Note
-------+----------+-------------------------------------------
     0 | D:1      | tidbits the Gnoll Skald began the quest for the Orb.
     0 | D:1      | Reached XP level 1. HP: 20/20 MP: 6/6
    16 | D:1      | You fall through a shaft!
    22 | D:2      | Reached XP level 2. HP: 22/26 MP: 2/7
    26 | D:2      | Learned a level 2 spell: Song of Slaying
   157 | D:2      | Reached XP level 3. HP: 31/31 MP: 5/9
   161 | D:2      | Learned a level 2 spell: Shroud of Golubria
   165 | D:2      | Learned a level 3 spell: Regeneration
   169 | D:2      | Learned a level 3 spell: Spectral Weapon
   182 | D:2      | Reached skill level 5 in Spellcasting
   234 | D:2      | Reached skill level 1 in Invocations
   322 | D:3      | Reached skill level 1 in Short Blades
   322 | D:3      | Reached skill level 1 in Long Blades
   322 | D:3      | Reached skill level 1 in Axes
   322 | D:3      | Reached skill level 1 in Maces & Flails
   322 | D:3      | Reached skill level 1 in Staves
   322 | D:3      | Reached skill level 1 in Slings
   322 | D:3      | Reached skill level 1 in Bows
   322 | D:3      | Reached skill level 1 in Crossbows
   322 | D:3      | Reached skill level 1 in Throwing
   322 | D:3      | Reached skill level 1 in Stealth
   322 | D:3      | Reached skill level 1 in Shields
   322 | D:3      | Reached skill level 1 in Unarmed Combat
   322 | D:3      | Reached skill level 1 in Evocations
   336 | D:3      | Reached XP level 4. HP: 21/38 MP: 7/11
   349 | D:3      | Found an opulent altar of Gozag.
   354 | D:3      | Found a sacrificial altar of Ru.
   356 | D:3      | Found a sparkling altar of Nemelex Xobeh.
   358 | D:3      | Found a hide-covered altar of Uskayaw.
   365 | D:3      | Found a hazy altar of Hepliaklqana.
   451 | D:5      | Entered Level 5 of the Dungeon
   469 | D:4      | Reached skill level 1 in Conjurations
   469 | D:4      | Reached skill level 1 in Hexes
   469 | D:4      | Reached skill level 1 in Summonings
   469 | D:4      | Reached skill level 1 in Necromancy
   469 | D:4      | Reached skill level 1 in Translocations
   469 | D:4      | Reached skill level 1 in Transmutations
   469 | D:4      | Reached skill level 1 in Fire Magic
   469 | D:4      | Reached skill level 1 in Ice Magic
   469 | D:4      | Reached skill level 1 in Air Magic
   469 | D:4      | Reached skill level 1 in Earth Magic
   469 | D:4      | Reached skill level 1 in Poison Magic
   539 | D:4      | Reached XP level 5. HP: 38/43 MP: 4/12
   554 | D:4      | Reached skill level 3 in Armour
   562 | D:4      | Reached skill level 2 in Invocations
   562 | D:4      | Reached XP level 6. HP: 34/50 MP: 3/13
   579 | D:4      | Reached skill level 5 in Fighting
   579 | D:4      | Reached skill level 5 in Polearms
   579 | D:4      | Reached skill level 5 in Dodging
   663 | D:4      | Reached skill level 2 in Short Blades
   663 | D:4      | Reached skill level 2 in Long Blades
   663 | D:4      | Reached skill level 2 in Axes
   663 | D:4      | Reached skill level 2 in Maces & Flails
   663 | D:4      | Reached skill level 2 in Staves
   663 | D:4      | Reached skill level 2 in Slings
   663 | D:4      | Reached skill level 2 in Bows
   663 | D:4      | Reached skill level 2 in Crossbows
   663 | D:4      | Reached skill level 2 in Throwing
   663 | D:4      | Reached skill level 2 in Stealth
   663 | D:4      | Reached skill level 2 in Shields
   663 | D:4      | Reached skill level 2 in Unarmed Combat
   663 | D:4      | Reached skill level 2 in Evocations
   782 | D:5      | Reached XP level 7. HP: 17/56 MP: 12/15
   885 | D:5      | Found a runed translucent gate.
   885 | D:5      | Found a runed translucent gate.
   885 | D:5      | Found a runed translucent gate.
   888 | D:5      | Noticed zkyp's ghost (novice MfWn)
   895 | D:5      | Noticed a two-headed ogre
   917 | D:5      | HP: 6/56 [two-headed ogre/+0 giant club (6)]
   919 | D:5      | Killed a two-headed ogre
   919 | D:5      | Reached skill level 3 in Short Blades
   919 | D:5      | Reached skill level 3 in Long Blades
   919 | D:5      | Reached skill level 3 in Axes
   919 | D:5      | Reached skill level 3 in Maces & Flails
   919 | D:5      | Reached skill level 3 in Staves
   919 | D:5      | Reached skill level 3 in Slings
   919 | D:5      | Reached skill level 3 in Bows
   919 | D:5      | Reached skill level 3 in Crossbows
   919 | D:5      | Reached skill level 3 in Throwing
   919 | D:5      | Reached skill level 4 in Armour
   919 | D:5      | Reached skill level 3 in Stealth
   919 | D:5      | Reached skill level 3 in Shields
   919 | D:5      | Reached skill level 3 in Unarmed Combat
   919 | D:5      | Reached skill level 2 in Conjurations
   919 | D:5      | Reached skill level 2 in Hexes
   919 | D:5      | Reached skill level 6 in Charms
   919 | D:5      | Reached skill level 2 in Summonings
   919 | D:5      | Reached skill level 2 in Necromancy
   919 | D:5      | Reached skill level 2 in Translocations
   919 | D:5      | Reached skill level 2 in Transmutations
   919 | D:5      | Reached skill level 2 in Fire Magic
   919 | D:5      | Reached skill level 2 in Ice Magic
   919 | D:5      | Reached skill level 2 in Air Magic
   919 | D:5      | Reached skill level 2 in Earth Magic
   919 | D:5      | Reached skill level 2 in Poison Magic
   919 | D:5      | Reached skill level 3 in Invocations
   919 | D:5      | Reached skill level 3 in Evocations
   919 | D:5      | Reached XP level 8. HP: 30/63 MP: 10/16
   930 | D:5      | Reached skill level 6 in Spellcasting
   995 | D:5      | Got a warped whip
   996 | D:5      | Identified the +1 whip of the Dove {flame, rPois rF++} (You
                  | found it on level 5 of the Dungeon)
  1088 | D:6      | Found a radiant altar of Vehumet.
  1188 | D:7      | Found a blossoming altar of Fedhas.
  1320 | D:7      | Noticed a two-headed ogre
  1327 | D:7      | HP: 8/64 [two-headed ogre/+0 giant club (11)]
  1328 | D:7      | Killed a two-headed ogre
  1328 | D:7      | Reached skill level 6 in Fighting
  1328 | D:7      | Reached skill level 4 in Short Blades
  1328 | D:7      | Reached skill level 4 in Long Blades
  1328 | D:7      | Reached skill level 4 in Axes
  1328 | D:7      | Reached skill level 4 in Maces & Flails
  1328 | D:7      | Reached skill level 6 in Polearms
  1328 | D:7      | Reached skill level 4 in Staves
  1328 | D:7      | Reached skill level 4 in Slings
  1328 | D:7      | Reached skill level 4 in Bows
  1328 | D:7      | Reached skill level 4 in Crossbows
  1328 | D:7      | Reached skill level 4 in Throwing
  1328 | D:7      | Reached skill level 6 in Dodging
  1328 | D:7      | Reached skill level 4 in Stealth
  1328 | D:7      | Reached skill level 4 in Shields
  1328 | D:7      | Reached skill level 4 in Unarmed Combat
  1328 | D:7      | Reached skill level 3 in Conjurations
  1328 | D:7      | Reached skill level 3 in Hexes
  1328 | D:7      | Reached skill level 3 in Summonings
  1328 | D:7      | Reached skill level 3 in Necromancy
  1328 | D:7      | Reached skill level 3 in Translocations
  1328 | D:7      | Reached skill level 3 in Transmutations
  1328 | D:7      | Reached skill level 3 in Fire Magic
  1328 | D:7      | Reached skill level 3 in Ice Magic
  1328 | D:7      | Reached skill level 3 in Air Magic
  1328 | D:7      | Reached skill level 3 in Earth Magic
  1328 | D:7      | Reached skill level 3 in Poison Magic
  1328 | D:7      | Reached skill level 4 in Invocations
  1328 | D:7      | Reached skill level 4 in Evocations
  1328 | D:7      | Reached XP level 9. HP: 9/69 MP: 13/18
  1338 | D:7      | Found a staircase to the Ecumenical Temple.
  1347 | Temple   | Entered the Ecumenical Temple
  1365 | Temple   | Became a worshipper of Cheibriados the Contemplative
  1414 | D:8      | Learned a level 3 spell: Conjure Flame
  1418 | D:8      | Learned a level 3 spell: Mephitic Cloud
  1455 | D:8      | Reached skill level 5 in Armour
  1464 | D:8      | Learned a level 2 spell: Sticks to Snakes
  1522 | D:8      | Found an iron altar of Okawaru.
  1572 | D:8      | Reached * piety under Cheibriados
  1627 | D:8      | Reached skill level 5 in Invocations
  1634 | D:8      | HP: 10/71 [killer bee (6)]
  1644 | D:8      | HP: 13/71 [killer bee (2)]
  1649 | D:8      | HP: 9/71 [killer bee (4)]
  1652 | D:8      | Noticed a queen bee
  1655 | D:8      | HP: 9/71 [killer bee (7)]
  1655 | D:8      | HP: 1/71 [killer bee (8)]
  1656 | D:8      | Mangled by a killer bee

Skill      XL: |  1  2  3  4  5  6  7  8  9 |
---------------+----------------------------+-----
Spellcasting   | 5 6 |  6.8
Invocations    | 1 2 3 4 5 |  5.0
Short Blades   | 1 2 3 4 |  4.5
Long Blades    | 1 2 3 4 |  4.5
Axes           | 1 2 3 4 |  4.5
Maces & Flails | 1 2 3 4 |  4.5
Staves         | 1 2 3 4 |  4.5
Slings         | 1 2 3 4 |  4.5
Bows           | 1 2 3 4 |  4.5
Crossbows      | 1 2 3 4 |  4.5
Throwing       | 1 2 3 4 |  4.5
Stealth        | 1 2 3 4 |  4.5
Shields        | 1 2 3 4 |  4.5
Unarmed Combat | 1 2 3 4 |  4.5
Evocations     | 1 2 3 4 |  4.5
Conjurations   | 1 2 3 |  3.7
Hexes          | 1 2 3 |  3.7
Summonings     | 1 2 3 |  3.7
Necromancy     | 1 2 3 |  3.7
Translocations | 1 2 3 |  3.7
Transmutations | 1 2 3 |  3.7
Fire Magic     | 1 2 3 |  3.7
Ice Magic      | 1 2 3 |  3.7
Air Magic      | 1 2 3 |  3.7
Earth Magic    | 1 2 3 |  3.7
Poison Magic   | 1 2 3 |  3.7
Armour         | 3 4 5 |  5.3
Fighting       | 5 6 |  6.5
Polearms       | 5 6 |  6.5
Dodging        | 5 6 |  6.5
Charms         | 6 |  6.7

Action                   |  1- 3 |  4- 6 |  7- 9 || total
-------------------------+-------+-------+-------++-------
Melee: Spear             |    78 |    77 |    47 ||   202
       Bite              |     8 |     9 |    18 ||    35
       Halberd           |       |       |    56 ||    56
       Punch             |       |       |     1 ||     1
       Whip              |       |       |    30 ||    30
 Fire: Shortbow          |       |       |     2 ||     2
Throw: Stone             |       |     1 |       ||     1
       Javelin           |       |       |    19 ||    19
 Cast: Infusion          |     3 |       |       ||     3
       Spectral Weapon   |     5 |    10 |    18 ||    33
       Regeneration      |     1 |     3 |    12 ||    16
       Shroud of Golubri |       |     1 |     5 ||     6
       Song of Slaying   |       |     1 |     1 ||     2
       Mephitic Cloud    |       |       |     3 ||     3
       Conjure Flame     |       |       |     2 ||     2
  Use: Scroll            |     2 |       |     4 ||     6
       Potion            |       |     2 |     5 ||     7
 Stab: Sleeping          |     1 |       |     1 ||     2
       Confused          |       |       |     3 ||     3
  Eat: Ration            |     1 |       |     2 ||     3
Armor: Leather armour    |    12 |     3 |     3 ||    18
       Ring mail         |       |       |    13 ||    13
Dodge: Dodged            |    43 |    29 |    95 ||   167

Table legend:
 A = Turns spent in this place as a percentage of turns spent in the entire game.
 B = Non-inter-level travel turns spent in this place as a percentage of non-inter-level travel turns spent in the entire game.
 C = Inter-level travel turns spent in this place as a percentage of turns spent in this place.
 D = Turns resting spent in this place as a percentage of non-inter-level travel turns spent in this place.
 E = Turns spent auto-exploring this place as a percentage of non-inter-level travel turns spent in this place.
 F = Non-inter-level travel turns spent in this place divided by the number of levels of this place that you've seen.
                   A       B       C       D       E      F
               +-------+-------+-------+-------+-------+----------------------
         Total | 100.0 | 100.0 |   0.5 |   0.0 |   0.0 | 183.0
       Dungeon |  97.9 |  97.9 |   0.6 |   0.0 |   0.0 | 201.6
        Temple |   2.1 |   2.1 |   0.0 |   0.0 |   0.0 |  34.0
               +-------+-------+-------+-------+-------+----------------------

Table legend:
 A = Kills in this place as a percentage of kills in entire the game.
 B = Kills by you in this place as a percentage of kills by you in the entire game.
 C = Kills by friends in this place as a percentage of kills by friends in the entire game.
 D = Other kills in this place as a percentage of other kills in the entire game.
 E = Experience gained in this place as a percentage of experience gained in the entire game.
 F = Experience gained in this place divided by the number of levels of this place that you have seen.
                   A       B       C       D       E      F
               +-------+-------+-------+-------+-------+----------------------
         Total | 100.0 | 100.0 | 100.0 | 100.0 | 100.0 | 472.3
       Dungeon | 100.0 | 100.0 | 100.0 | 100.0 | 100.0 | 531.4
               +-------+-------+-------+-------+-------+----------------------

Levels and vault maps discovered:
D:1:      minmay_arrival_hallway, layout_loops_ring
D:2:      layout_basic
D:3:      layout_basic, minmay_overflow_temple_star_hex
D:4:      layout_rooms, grunt_temple_overflow_champion_of_chaos, first_ration,
          minmay_misc_feat_ornament, roderic_malta_cross, roderic_roman_lattice
D:5:      layout_basic, ebering_ghost_rock_garden, st_stairs_10
D:6:      layout_gridville, tso_altar, lemuel_crystal_altar, uniq_menkaure
D:7:      layout_basic, overflow_temple_1_default, minmay_temple_entry_waves,
          fedhas_altar_3
D:8:      layout_rooms, nicolae_overflow_crystal_walls, lemuel_crystal_altar,
          david_nohive_1
Temple:   corrupted_temple
